 Dungeon Crawl Stone Soup version 0.31-a0-845-g9abc20d24f (webtiles) character file.

Game seed: 200975262671686771

23530 Kurtz the Severer (level 13, -3/92 HPs)
             Began as an Octopode Fighter on Oct 1, 2023.
             Was the Champion of Okawaru.
             Killed from afar by a catoblepas (6 damage)
             ... with a blast of calcifying dust
             ... on level 3 of the Lair of Beasts.
             The game lasted 00:19:17 (15603 turns).

Kurtz the Severer (Octopode Fighter)               Turns: 15603, Time: 00:19:17

Health: -3/92      AC:  3    Str: 17    XL:     13   Next: 7%
Magic:  17/17      EV: 22    Int: 17    God:    Okawaru [******]
Gold:   867        SH:  7    Dex: 26    Spells: 12/12 levels left

rFire   + + .        P - +2 broad axe (vamp)
rCold   . . .        b - +0 buckler
rNeg    . . .        a - +2 hat
rPois   .            l - amulet of faith
rElec   .            d - ring of protection from fire
rCorr   .            f - +6 ring of dexterity
SInv    .            k - ring of wizardry
Will    .....        j - +6 ring of dexterity
Stlth   +++          C - +6 ring of intelligence
HPRegen 0.35/turn    M - ring of protection from fire
MPRegen 0.15/turn    (no ring)
                     (no ring)

%: faith, wizardry (x1)
@: no status effects
A: almost no armour, amphibious, 8 rings, camouflage 1, gelatinous body 1,
(nimble swimmer 1), tentacles
a: Renounce Religion, Heroism, Finesse, Duel


You were on level 3 of the Lair of Beasts.
You worshipped Okawaru.
Okawaru was exalted by your worship.
You visited 3 branches of the dungeon, and saw 15 of its levels.

You collected 867 gold pieces.

Inventory:

Hand Weapons
 c - the +10 flail of Bodily Humours {freeze, Int+6 Stlth+}
   (You found it on level 3 of the Lair of Beasts)

   Int+6:     It affects your intelligence (+6).
   Stlth+:    It makes you more stealthy.
 o - a +3 whip
 J - a +0 flail of protection
 P - a +2 vampiric broad axe (weapon)
Missiles
 m - 22 boomerangs
 w - a throwing net (quivered)
 F - 10 silver javelins
 G - 8 poisoned darts
Armour
 a - a +2 hat (worn)
 b - a +0 buckler (worn)
 O - the +2 hat of the Imbibing Gods {Harm rC+ Int+3 Dex+3}
   (Okawaru gifted it to you on level 9 of the Dungeon)

   Int+3:     It affects your intelligence (+3).
   Dex+3:     It affects your dexterity (+3).
   rC+:       It protects you from cold.
   Harm:      It increases damage dealt and taken.
Jewellery
 d - a ring of protection from fire (left tentacle)
 f - a +6 ring of dexterity (right tentacle)
 j - a +6 ring of dexterity (on tentacle)
 k - a ring of wizardry (on tentacle)
 l - an amulet of faith (around mantle)
 C - a +6 ring of intelligence (on tentacle)
 M - a ring of protection from fire (on tentacle)
Wands
 n - a wand of digging (3)
 B - a wand of roots (12)
Scrolls
 e - 2 scrolls of fear
 g - a scroll of fog {unknown}
 i - 2 scrolls of immolation
 r - 3 scrolls of teleportation
 t - a scroll of poison {unknown}
 u - 3 scrolls of blinking {unknown}
 v - 7 scrolls of identify {unknown}
 x - 2 scrolls of revelation {unknown}
 y - 3 scrolls of vulnerability {unknown}
 z - 3 scrolls of amnesia {unknown}
 A - a scroll of noise {unknown}
 H - a scroll of enchant armour {unknown}
Potions
 h - a potion of curing
 p - a potion of enlightenment {unknown}
 q - 2 potions of mutation {unknown}
 s - 3 potions of lignification {unknown}
 D - 2 potions of attraction {unknown}
 E - a potion of brilliance
 I - a potion of haste {unknown}
 K - 2 potions of heal wounds
 L - a potion of ambrosia
 N - a potion of berserk rage {unknown}


   Skills:
 - Level 9.9 Fighting
 * Level 15.4 Axes
 - Level 10.4 Dodging
 * Level 5.3 Shields
 - Level 5.6 Invocations


You had 12 spell levels left.
You didn't know any spells.
Your spell library contained the following spells:

 Spells                   Type           Power      Damage    Failure   Level
 Necrotise                Necr           0%         1d4       12%         1
 Sandblast                Erth           0%         2d4       12%         1
 Passwall                 Tmut/Erth      0%         N/A       17%         2
 Static Discharge         Conj/Air       0%         2-2/arc   17%         2
 Stone Arrow              Conj/Erth      0%         3d7       32%         3
 Vampiric Draining        Necr           0%         2d6       32%         3
 Airstrike                Air            0%         2d(0-16)  71%         4
 Brom's Barrelling Bould  Conj/Erth      0%         2d3       71%         4
 Agony                    Necr           0%         N/A       95%         5
 Summon Lightning Spire   Summ/Air       Unusable   N/A       N/A         4

Dungeon Overview and Level Annotations

Branches:
Dungeon (11/15)            Temple (1/1) D:4            Lair (3/5) D:9
  Swamp (0/4) Lair:3        Snake (0/4) Lair:2          Orc (0/2) D:10

Altars:
Ashenzari
Cheibriados
Dithmenos
Elyvilon
Fedhas
Gozag
Hepliaklqana
Kikubaaqudgha
Makhleb
Nemelex Xobeh
Okawaru
Qazlal
Ru
Sif Muna
Trog
Uskayaw
Vehumet
Wu Jian
Xom
Yredelemnul
Zin
The Shining One

Shops:
D:8 *

Annotations:
D:4 2 transporters, beavisfan's ghost, amateur DsSh
D:5 exclusions: black bear, door, ogre and sky beast
D:6 exclusion: downstairs
D:7 exclusion: steam dragon
D:8 exclusion: troll
D:9 3 runed translucent doors, Kurtz's ghost, novice OpFi; awesomeguy42's ghost, novice HuNe; beavisfan's ghost, novice TrSh; quinnr's ghost, novice TeAE
D:10 exclusion: 2 downstairs
Lair:2 exclusion: hydra


Innate Abilities, Weirdness & Mutations

You cannot wear most types of armour.
You are amphibious.
You can wear up to eight rings at the same time.
Your skin changes colour to match your surroundings (Stealth+).
Your rubbery body absorbs attacks. (AC +1, EV +1)
((You are camouflaged when in or above water. (Stealth+)))
You have tentacles for arms and can constrict up to eight enemies at once.


Message History

The komodo dragon is engulfed in calcifying dust.
The catoblepas struggles against the net.
The komodo dragon is engulfed in calcifying dust. x2
Your limbs are stiffening.
Unknown command.
Unknown command.
Unknown command.
Unknown command.
You hit the catoblepas but do no damage.
You squeeze the catoblepas, but do no damage.
The catoblepas is moderately wounded.
The catoblepas struggles against the net.
The net rips apart, and the catoblepas comes free!
The komodo dragon is engulfed in calcifying dust. x2
The catoblepas gores you!
You have turned to stone.
The catoblepas gores you! The catoblepas gores you!! The catoblepas gores you!!
The komodo dragon is no longer petrified.
The catoblepas breathes a plume of calcifying dust at you.
The blast of calcifying dust hits you.
You are engulfed in calcifying dust.
The komodo dragon bites you. The catoblepas gores you!
You are engulfed in calcifying dust.
The komodo dragon bites you!! The catoblepas gores you!
You are engulfed in calcifying dust.
The komodo dragon bites you!
* * * LOW HITPOINT WARNING * * *
The catoblepas breathes a plume of calcifying dust at you.
The blast of calcifying dust hits you!
* * * LOW HITPOINT WARNING * * *
You turn to flesh and can move again.
Unknown command.
Unknown command.
Unknown command.
The komodo dragon attacks as it pursues you!
The komodo dragon bites you!!
* * * LOW HITPOINT WARNING * * *
The catoblepas breathes a plume of calcifying dust at you.
The blast of calcifying dust hits you.
You die...

...# ##.........#####
...## ##...........#
....# ####
#...........##### .....
#...####..........P.#.#.
......
........................
.....##
.......................
......#
.......................
......#
..§§§§§§lY......§.......
.....#
...!...@§...............
.....#
........................
.....#
........................
....[#
...................#....
.#...#
............###...###...
.#...# ............#
#..## #.## .#...
............# #### ###
...... ...........P#
...... ....#


You could see a catoblepas and a komodo dragon.

Vanquished Creatures
  An eleionoma (Lair:3)
  Harold (D:9)
  A two-headed ogre (D:7)
  2 skysharks
  A salamander (Lair:2)
  7 elephants (Lair:3)
  A black mamba (Lair:1)
  4 cane toads
  4 komodo dragons
  A polar bear (Lair:3)
  16 blink frogs
  A shadow (D:11)
  6 wyverns
  A basilisk (Lair:2)
  2 wraiths
  37 yaks
  3 vampire mosquitoes (D:8)
  6 water moccasins
  2 ice beasts
  3 orc warriors (D:9)
  3 black bears
  A sky beast (D:7)
  2 ogres
  2 centaurs
  A phantom (D:7)
  3 kobold brigands
  15 bullfrogs
  4 scorpions
  2 gnoll sergeants
  13 killer bees (D:7)
  A vampire bat (D:8)
  3 lava snakes (Lair:2)
  2 hounds
  A gnoll bouda (D:7)
  2 orc priests
  A jelly (D:4)
  3 iguanas
  Natasha (twice) (D:3)
  2 sleepcaps
  8 orc wizards
  Robin (D:4)
  17 gnolls
  6 adders
  3 white imps
  An ufetubus (D:5)
  2 worms
  5 dart slugs
  27 orcs
  11 bats
  5 endoplasms
  A giant cockroach (D:1)
  13 goblins
  11 hobgoblins
  8 jackals
  11 kobolds
  3 quokkas (D:2)
  6 ball pythons
  3 frilled lizards (D:1)
  6 rats
  A butterfly (Lair:3)
312 creatures vanquished.

Notes
Turn   | Place    | Note
-------+----------+-------------------------------------------
     0 | D:1      | Kurtz the Octopode Fighter began the quest for the Orb.
     0 | D:1      | Reached XP level 1. HP: 16/16 MP: 1/1
   114 | D:1      | Reached XP level 2. HP: 21/21 MP: 2/2
   162 | D:1      | Noticed a shining eye
   164 | D:1      | Found a faded altar of an unknown god.
   166 | D:1      | Noticed a shining eye
   166 | D:1      | Noticed a golden eye
   166 | D:1      | Noticed a great orb of eyes
   274 | D:1      | Reached skill level 3 in Axes
   763 | D:2      | Reached XP level 3. HP: 26/26 MP: 3/3
   998 | D:2      | Found a shimmering altar of Xom.
  1012 | D:2      | Reached skill level 4 in Axes
  1191 | D:2      | Reached XP level 4. HP: 29/31 MP: 4/4
  1627 | D:3      | Found a broken altar of Ashenzari.
  1933 | D:3      | Reached skill level 5 in Axes
  1933 | D:3      | Reached XP level 5. HP: 22/36 MP: 5/5
  1935 | D:3      | HP: 1/36 [gnoll/+0 spear (4)]
  2128 | D:3      | Noticed Natasha
  2134 | D:3      | Killed Natasha
  2385 | D:3      | Noticed Natasha
  2393 | D:3      | Killed Natasha
  2500 | D:3      | Identified the +3 leather armour of Broken Taboos {rC+}
  2501 | D:3      | Found a hazy altar of Hepliaklqana.
  2599 | D:4      | Noticed a black bear
  2605 | D:4      | Killed a black bear
  2606 | D:4      | Reached skill level 6 in Axes
  2606 | D:4      | Reached XP level 6. HP: 18/42 MP: 6/6
  2709 | D:4      | Found a transporter.
  2722 | D:4      | Found a staircase to the Ecumenical Temple.
  2738 | Temple   | Entered the Ecumenical Temple
  2764 | Temple   | Became a worshipper of Warmaster Okawaru
  2818 | D:4      | Found a shimmering blue altar of Sif Muna.
  2924 | D:4      | Found a transporter.
  2924 | D:4      | Noticed beavisfan's ghost (amateur DsSh)
  3024 | D:4      | Noticed Robin
  3030 | D:4      | Killed Robin
  3180 | D:4      | Found a glowing silver altar of Zin.
  3389 | D:5      | Entered Level 5 of the Dungeon
  3395 | D:5      | Noticed a sky beast
  3412 | D:5      | Found a shadowy altar of Dithmenos.
  3412 | D:5      | Noticed a black bear
  3443 | D:5      | Reached skill level 7 in Axes
  3443 | D:5      | Reached XP level 7. HP: 45/46 MP: 7/7
  3508 | D:5      | Reached skill level 1 in Invocations
  3554 | D:5      | Reached * piety under Okawaru
  3878 | D:5      | Found an ornate altar of the Wu Jian Council.
  4411 | D:6      | Reached skill level 8 in Axes
  4498 | D:6      | Found a sacrificial altar of Ru.
  4506 | D:6      | Reached ** piety under Okawaru
  4507 | D:6      | Reached XP level 8. HP: 39/54 MP: 9/9
  5286 | D:6      | Found a glowing golden altar of the Shining One.
  5296 | D:6      | Found a sparkling altar of Nemelex Xobeh.
  5347 | D:7      | Reached skill level 9 in Axes
  5424 | D:7      | Reached *** piety under Okawaru
  5589 | D:7      | Noticed a two-headed ogre
  5594 | D:7      | Reached skill level 5 in Fighting
  5602 | D:7      | Reached XP level 9. HP: 41/61 MP: 8/11
  5614 | D:7      | Killed a two-headed ogre
  5614 | D:7      | Reached **** piety under Okawaru
  5615 | D:7      | Reached skill level 10 in Axes
  5757 | D:7      | You fall into a shaft and drop 2 floors!
  6204 | D:7      | Reached skill level 11 in Axes
  6339 | D:7      | Found a hide-covered altar of Uskayaw.
  6837 | D:8      | Reached skill level 5 in Shields
  6837 | D:8      | Reached XP level 10. HP: 19/69 MP: 10/13
  7225 | D:8      | Reached ***** piety under Okawaru
  7362 | D:8      | Found Gozag's Platinum Reserve.
  7366 | D:8      | Found an opulent altar of Gozag.
  7674 | D:9      | Reached skill level 12 in Axes
  7728 | D:9      | Noticed Harold
  8539 | D:9      | Killed Harold
  8540 | D:9      | Reached skill level 13 in Axes
  8604 | D:9      | Found a runed translucent gate.
  8605 | D:9      | Found a runed translucent gate.
  8606 | D:9      | Found a runed translucent gate.
  8607 | D:9      | Noticed beavisfan's ghost (novice TrSh)
  8607 | D:9      | Noticed Kurtz's ghost (novice OpFi)
  8608 | D:9      | Noticed awesomeguy42's ghost (novice HuNe)
  8608 | D:9      | Noticed quinnr's ghost (novice TeAE)
  8897 | D:9      | Found a staircase to the Lair.
  8906 | D:9      | Reached XP level 11. HP: 77/77 MP: 14/14
  9170 | D:10     | Entered Level 10 of the Dungeon
  9170 | D:10     | Found a staircase to the Orcish Mines.
 10003 | D:9      | Received a gift from Okawaru
 10093 | D:10     | Found a stormy altar of Qazlal.
 10777 | D:11     | Noticed a cyclops
 10806 | D:11     | Noticed a sun demon
 11825 | D:11     | Noticed a manticore
 11918 | Lair:1   | Entered Level 1 of the Lair of Beasts
 12017 | D:9      | Reached skill level 14 in Axes
 12167 | Lair:1   | Reached skill level 5 in Dodging
 12186 | D:9      | Reached ****** piety under Okawaru
 12188 | D:9      | Acquired a +1 vampiric broad axe
 12188 | D:9      | Received a gift from Okawaru
 12189 | D:9      | Acquired the +2 hat of the Imbibing Gods {Harm rC+ Int+3
                  | Dex+3}
 12189 | D:9      | Received a gift from Okawaru
 12394 | Lair:1   | Received a gift from Okawaru
 12888 | Lair:1   | Reached skill level 5 in Invocations
 13200 | Lair:1   | Reached XP level 12. HP: 70/86 MP: 15/15
 13624 | Lair:2   | Noticed a skyshark
 13638 | Lair:2   | Killed a skyshark
 13792 | Lair:2   | Received a gift from Okawaru
 13803 | Lair:2   | Reached skill level 15 in Axes
 14286 | Lair:2   | Found a staircase to the Snake Pit.
 14545 | Lair:2   | Received a gift from Okawaru
 14881 | Lair:2   | Noticed a four-headed hydra
 15013 | Lair:3   | Identified the +10 flail of Bodily Humours {freeze, Int+6
                  | Stlth+}
 15076 | Lair:3   | Identified the +12 rapier "Qiopn" {heavy, rElec rPois Str-2
                  | Int-3}
 15102 | Lair:3   | Noticed a skyshark
 15116 | Lair:3   | Killed a skyshark
 15158 | Lair:3   | Found a staircase to the Swamp.
 15158 | Lair:3   | Noticed an eleionoma
 15178 | Lair:3   | Killed an eleionoma
 15178 | Lair:3   | Received a gift from Okawaru
 15385 | Lair:3   | Reached skill level 10 in Dodging
 15396 | Lair:3   | Reached XP level 13. HP: 42/92 MP: 17/17
 15532 | Lair:3   | Received a gift from Okawaru
 15603 | Lair:3   | HP: 3/92 [komodo dragon (18)]
 15603 | Lair:3   | Killed from afar by a catoblepas

Illustrated notes

Levels and vault maps discovered:
D:1:      shiori_arrival_elements, layout_basic,
          hellmonk_ecumenical_altar_watching_god, minmay_misc_feat_tiny
D:2:      layout_basic, basic_altar
D:3:      layout_loops_cross, mainiacjoe_overflow_alcove_1, lemuel_tele_altar,
          uniq_natasha
D:4:      layout_rooms, marbit_many_paths, mainiacjoe_overflow_brackets,
          temple_statues, gammafunk_ghost_arena, uniq_robin
D:5:      layout_gridville, old_standard_altar,
          nicolae_wu_jian_immortal_techniques, kennysheep_small_circle
D:6:      layout_basic, nicolae_ru_sacrificial_ziggurat, minitemple
D:7:      layout_rooms, nicolae_uskayaw_suspiria
D:8:      nicolae_cairo_tiling_large, layout_loops_cross,
          nicolae_gozag_zags_fifth_avenue, roderic_batcave,
          hangedman_abyss_or_decor_passed, ebering_dispersal_statue_hall,
          hangedman_decor_clover_reticule
D:9:      layout_loops_ring, grunt_lair_entry_orc_guard_hut,
          gammafunk_ghost_cemetery, minmay_unpleasant_kobolds, uniq_harold
D:10:     layout_big_octagon, nicolae_qazlal_scattered_showers, orc_0_dummy
D:11:     layout_roguey, serial_demonic, serial_demonic_e, serial_demonic_d,
          serial_demonic_d, serial_demonic_c, grunt_ministairs_2, uniq_josephine
Temple:   hellmonk_temple_beads
Lair:1:   layout_loops_ring
Lair:2:   layout_cave_pods, nicolae_snake_entry_warm_welcome, minmay_holes,
          serial_bayou_pond_c, st_stairs_4, serial_bayou_shore_a
Lair:3:   layout_hall_layers, alex1729_swamp_entry_worm_eleionoma,
          lemuel_fruit_fields

Skill      XL: |  1  2  3  4  5  6  7  8  9 10 11 12 |
---------------+-------------------------------------+-----
Axes           | 3 4 5 6 7 8 9 11 13 14 15 | 15.4
Invocations    | 1 2 4 5 |  5.6
Fighting       | 4 5 6 7 9 |  9.9
Shields        | 4 5 |  5.3
Dodging        | 4 5 10 | 10.4

Action                     |  1- 3 |  4- 6 |  7- 9 | 10-12 | 13-15 || total
---------------------------+-------+-------+-------+-------+-------++-------
  Melee: War axe           |    59 |    91 |   194 |   266 |       ||   610
         Constrict         |    19 |    23 |    44 |    59 |       ||   145
         Tentacles         |    11 |    18 |    53 |   169 |    12 ||   263
         Punch             |       |       |     3 |    14 |       ||    17
         Broad axe         |       |       |       |   223 |    24 ||   247
  Throw: Boomerang         |       |       |       |     7 |       ||     7
         Javelin           |       |       |       |    21 |       ||    21
         Throwing net      |       |       |       |     5 |     1 ||     6
 Invoke: Heroism           |       |       |     5 |     5 |       ||    10
         Receive Weapon    |       |       |       |     1 |       ||     1
         Receive Armour    |       |       |       |     1 |       ||     1
         Finesse           |       |       |       |     1 |       ||     1
  Evoke: Wand              |       |       |    10 |     4 |       ||    14
    Use: Potion            |     1 |       |    10 |     2 |       ||    13
         Scroll            |       |       |     4 |     3 |       ||     7
   Stab: Sleeping          |     6 |     8 |    10 |    11 |       ||    35
         Invisible         |       |       |     2 |       |       ||     2
         Held in net/web   |       |       |       |     1 |     2 ||     3
 Armour: Skin              |    27 |    43 |   114 |   213 |    23 ||   420
  Dodge: Dodged            |    39 |    42 |   129 |   313 |    26 ||   549
  Block: Buckler           |    13 |    25 |    48 |   155 |     6 ||   247

Table legend: (Time is in decaauts)
 A = Elapsed time spent in this place.
 B = Non-inter-level travel time spent in this place.
 C = Inter-level travel time spent in this place.
 D = Time resting spent in this place.
 E = Time spent auto-exploring this place.
 F = Levels seen in this place.
 G = Mean time per level.
                   A        B        C        D        E       F      G
               +--------+--------+--------+--------+--------+-----+--------+
         Total |  15613 |  14589 |   1024 |   5051 |   7064 |  15 | 1040.9 |
       Dungeon |  12327 |  11452 |    875 |   4078 |   5445 |  11 | 1120.6 |
        Temple |     51 |      5 |     46 |      0 |      0 |   1 |   51.0 |
          Lair |   3234 |   3132 |    102 |    973 |   1619 |   3 | 1078.0 |
               +--------+--------+--------+--------+--------+-----+--------+

Top non-repeatable levels by time:
     D:9: 2484 daAuts
    D:10: 1406 daAuts
  Lair:2: 1322 daAuts
  Lair:1: 1281 daAuts
     D:8: 1229 daAuts
     D:3: 1084 daAuts
     D:6: 1077 daAuts
     D:7: 959 daAuts
     D:5: 958 daAuts
     D:2: 864 daAuts
    D:11: 825 daAuts
     D:1: 743 daAuts
     D:4: 691 daAuts
  Lair:3: 630 daAuts
  Temple: 51 daAuts
